 Dungeon Crawl Stone Soup version 0.27-a0-54-g64bdb92e38 (webtiles) character file.

Game seed: 9643568120786998953

49 Descartes the Ducker (level 3, 0/17 HPs)
             Began as a Felid Monk on Jan 7, 2021.
             Succumbed to an adder's poison
             ... on level 3 of the Dungeon.
             The game lasted 00:02:31 (2207 turns).

Descartes the Ducker (Felid Monk)                   Turns: 2207, Time: 00:02:31

Health: 0/17       AC:  1    Str:  8    XL:     3   Next: 51%
Magic:  4/4        EV: 20    Int: 11    God:
Gold:   143        SH:  0    Dex: 18    Spells: 2/2 levels left
                                        Lives:  0   Deaths: 1

rFire    . . .     SeeInvis +     - Unarmed
rCold    . . .     Faith    .   (shield unavailable)
rNeg     . . .     Spirit   .   (armour unavailable)
rPois    .         Reflect  .   (helmet unavailable)
rElec    .         Harm     .   (cloak unavailable)
rCorr    .         Rampage  .   (gloves unavailable)
Will     .....                  (boots unavailable)
Stlth    +++.......             (no amulet)
HPRegen  0.05/turn              (no ring)
MPRegen  0.09/turn              (no ring)

@: lethally poisoned (0 -> -6), quick
A: very small, no armour, no weapons or thrown items, stealth, claws 1, fangs 3,
see invisible, speed 1, shaggy fur 1, sharp paws
a: no special abilities


You were on level 3 of the Dungeon.
You visited 1 branch of the dungeon, and saw 3 of its levels.

You collected 143 gold pieces.

Inventory:

Scrolls
 a - a scroll of magic mapping {unknown}
 c - 2 scrolls of remove curse {unknown}
 g - 5 scrolls of identify {unknown}
 h - 2 scrolls of enchant weapon {unknown}
 i - a scroll of random uselessness {unknown}
 j - a scroll of enchant armour {unknown}
Potions
 b - a potion of brilliance {unknown}
 d - a potion of curing {unknown}
 e - 2 potions of might {unknown}
 f - 2 potions of invisibility {unknown}


   Skills:
 + Level 3.5 Fighting
 + Level 4.6 Dodging
 * Level 4.6 Stealth
 + Level 3.5 Unarmed Combat


You had 2 spell levels left.
You didn't know any spells.
Your spell library was empty.

Dungeon Overview and Level Annotations

Branches:
Dungeon (3/15)

Altars:


Innate Abilities, Weirdness & Mutations

You cannot wear armour.
You are incapable of wielding weapons or throwing items.
Your paws allow you to move quietly. (Stealth)
You have sharp claws.
You have razor-sharp teeth.
You have supernaturally acute eyesight. (SInv)
You cover ground quickly.
You are covered in fur. (AC +1)
Your sharp claws are effective at attacking unaware monsters.


Message History

You barely miss the adder.
The adder is heavily wounded.
The adder barely misses you. The adder closely misses you.
You closely miss the adder.
The adder is heavily wounded.
The adder barely misses you.
You scratch the adder.
The adder is severely wounded.
* * * LOW HITPOINT WARNING * * *
You feel sick. The adder bites you.
* * * LOW HITPOINT WARNING * * *
You miss the adder. You bite the adder.
The adder is severely wounded.
The adder misses you.
You closely miss the adder.
The adder is severely wounded.
The adder closely misses you.
You scratch the adder.
You kill the adder!
You die...

..# #.# ..# .
#.# . #.#
#[#.#
#####.#.#
......#.#
........#
........#
######.@#
##.# ...
..>.. .......
.........
...........
#...........#


There were no monsters in sight!

Vanquished Creatures
  4 adders
  A worm (D:2)
  A dart slug (D:2)
  A leopard gecko (D:3)
  4 ball pythons
  8 bats
  5 giant cockroaches
  8 goblins
  7 hobgoblins
  3 kobolds
  A quokka (D:2)
  3 frilled lizards (D:2)
  7 rats
53 creatures vanquished.

Notes
Turn   | Place    | Note
-------+----------+-------------------------------------------
     0 | D:1      | Descartes the Felid Monk began the quest for the Orb.
     0 | D:1      | Reached XP level 1. HP: 10/10 MP: 2/2
   170 | D:1      | Reached XP level 2. HP: 14/14 MP: 3/3
   625 | D:1      | Reached XP level 3. HP: 17/17 MP: 4/4
  1524 | D:2      | Reached XP level 4. HP: 2/21 MP: 5/5
  1524 | D:2      | HP: 1/21 [poisoned by an adder]
  1525 | D:2      | Slain by a frilled lizard
  1526 | D:2      | Reached XP level 3. HP: -1/17 MP: 4/4
  2207 | D:3      | Succumbed to an adder's poison

Illustrated notes

Levels and vault maps discovered:
D:1:      minmay_arrival_hallway, layout_basic, minivault_11
D:2:      layout_rooms, minmay_ruptured
D:3:      layout_basic, minmay_door_square, minivault_4

Skill      XL: |  1  2  3 |
---------------+----------+-----
Stealth        | 3 4 |  4.6
Fighting       | |  3.5
Dodging        | |  4.6
Unarmed Combat | |  3.5

Action                   |  1- 3 |  4- 6 || total
-------------------------+-------+-------++-------
Melee: Unarmed           |   136 |     1 ||   137
       Bite              |    11 |       ||    11
       Punch             |     1 |       ||     1
 Stab: Sleeping          |    10 |       ||    10
       Distracted        |     1 |       ||     1
Armor: Skin              |     2 |       ||     2
Dodge: Dodged            |    90 |       ||    90

Table legend: (Time is in decaauts)
 A = Elapsed time spent in this place.
 B = Non-inter-level travel time spent in this place.
 C = Inter-level travel time spent in this place.
 D = Time resting spent in this place.
 E = Time spent auto-exploring this place.
 F = Levels seen in this place.
 G = Mean time per level.
                   A        B        C        D        E       F      G
               +--------+--------+--------+--------+--------+-----+--------+
         Total |   1947 |   1869 |     78 |      0 |   1548 |   3 |  649.0 |
       Dungeon |   1947 |   1869 |     78 |      0 |   1548 |   3 |  649.0 |
               +--------+--------+--------+--------+--------+-----+--------+

Top non-repeatable levels by time:
     D:2: 931 daAuts
     D:1: 852 daAuts
     D:3: 163 daAuts
